 Dungeon Crawl Stone Soup version 0.29-a0-802-g34511f41fd (webtiles) character file.

Game seed: 3047065053787082914

17 riojii the Trooper (level 2, -1/24 HPs)
             Began as a Demonspawn Abyssal Knight on July 3, 2022.
             Was a Believer of Lugonu.
             Slain by a jackal (3 damage)
             ... on level 1 of the Dungeon.
             The game lasted 00:00:49 (729 turns).

riojii the Trooper (Demonspawn Abyssal Knight)       Turns: 729, Time: 00:00:49

Health: -1/24      AC: 10    Str: 13    XL:     2   Next: 44%
Magic:  3/3        EV:  3    Int: 11    God:    Lugonu [**....]
Gold:   0          SH:  0    Dex: 13    Spells: 1/1 levels left

rFire   . . .      SeeInvis .     - Unarmed
rCold   . . .      Faith    .   (no shield)
rNeg    . . .      Spirit   .   b - +0 plate armour
rPois   .          Reflect  .   (helmet restricted)
rElec   .          Harm     .   (no cloak)
rCorr   .          Rampage  .   (no gloves)
Will    .....                   (no boots)
Stlth   ..........              (no amulet)
HPRegen 0.08/turn               c - ring of flight
MPRegen 0.08/turn               (no ring)

@: flying
A: horns 1
a: Renounce Religion, Depart the Abyss, Bend Space


You were on level 1 of the Dungeon.
You worshipped Lugonu.
Lugonu was pleased with you.
You visited 1 branch of the dungeon, and saw 1 of its levels.
You visited the Abyss 1 time.

Inventory:

Armour
 b - a +0 plate armour (worn)
Jewellery
 a - a ring of fire
 c - a ring of flight (left hand)
Potions
 d - a potion of brilliance {unknown}


   Skills:
 + Level 3.1 Fighting
 + Level 2.0 Armour
 + Level 1.2 Dodging
 * Level 2.2 Unarmed Combat
 - Level 2.4 Invocations


You had one spell level left.
You didn't know any spells.
Your spell library was empty.

Dungeon Overview and Level Annotations

Branches:
Dungeon (1/15)

Altars:


Innate Abilities, Weirdness & Mutations

You have a pair of small horns on your head.


Message History

Lugonu accepts your kill. The bat hits you but does no damage.
The jackal bites you but does no damage.
You hit the jackal.
The jackal is moderately wounded.
The bat hits you but does no damage.
The jackal bites you but does no damage.
The bat hits you but does no damage.
You hit the jackal but do no damage. Your headbutt misses the jackal.
The jackal is moderately wounded.
The bat hits you but does no damage.
The jackal bites you but does no damage.
The jackal barely misses you.
A jackal comes into view.
The jackal barks!
You hit the jackal.
The jackal is almost dead.
The bat hits you but does no damage.
The goblin drinks a potion.
The goblin seems to speed up.
The jackal bites you but does no damage.
You hit the jackal.
You kill the jackal!
Lugonu accepts your kill. The bat hits you but does no damage.
You hit the goblin.
The goblin is severely wounded.
The bat barely misses you. The goblin barely misses you.
You barely miss the goblin. You headbutt the goblin.
You kill the goblin!
Lugonu accepts your kill. The bat hits you but does no damage.
The bat barely misses you.
The jackal bites you but does no damage.
Things that are here:
a +0 club; a jackal corpse You closely miss the jackal.
The jackal bites you but does no damage. x2
You closely miss the jackal. The bat hits you but does no damage.
The jackal bites you.
You die...

#.... #+...# #....
##....# #....
#.....# #....
###.....# #....
##.......# #....
##+....♣...# #....
##.....††...# #....
.....?h@....# #....
....####....#####
#.... .
............# #.###
#.###.######.####.#
# ...##..........###
.....##..........#..
.....##..........#.#
#..#.#############.#
#####.#


You could see a jackal.

Vanquished Creatures
  2 endoplasms (D:1)
  A goblin (D:1)
  2 hobgoblins (D:1)
  3 jackals (D:1)
  2 kobolds (D:1)
  3 ball pythons (D:1)
  A bat (D:1)
  2 rats (D:1)
16 creatures vanquished.

Notes
Turn   | Place    | Note
-------+----------+-------------------------------------------
     0 | Abyss:1  | riojii the Demonspawn Abyssal Knight began the quest for
                  | the Orb.
     0 | Abyss:1  | Reached XP level 1. HP: 18/18 MP: 2/2
     1 | D:1      | Escaped the Abyss
    94 | D:1      | Reached skill level 1 in Dodging
   417 | D:1      | Gained mutation: You have a pair of small horns on your
                  | head. [demonic ancestry]
   417 | D:1      | Reached XP level 2. HP: 21/24 MP: 3/3
   719 | D:1      | HP: 1/24 [jackal (2)]
   729 | D:1      | Slain by a jackal

Illustrated notes

Levels and vault maps discovered:
D:1:      nicolae_arrival_somewhat_less_tricky_arrival, layout_basic,
          serial_forest, infiniplex_forest_lined_1, infiniplex_forest_end_1,
          infiniplex_forest_end_3, infiniplex_forest_clump_C,
          minmay_misc_feat_alley, minmay_tromino_v4_a

Skill      XL: |  1  2 |
---------------+-------+-----
Dodging        | 1 |  1.2
Unarmed Combat | 2 |  2.2
Armour         | 2 |  2.0
Fighting       | |  3.1
Invocations    | |  2.4

Action                   || total
-------------------------++-------
Melee: Unarmed           ||    68
       Headbutt          ||     3
Armor: Plate armour      ||    71
       Leather armour    ||     3
Dodge: Dodged            ||    25

Table legend: (Time is in decaauts)
 A = Elapsed time spent in this place.
 B = Non-inter-level travel time spent in this place.
 C = Inter-level travel time spent in this place.
 D = Time resting spent in this place.
 E = Time spent auto-exploring this place.
 F = Levels seen in this place.
 G = Mean time per level.
                   A        B        C        D        E       F      G
               +--------+--------+--------+--------+--------+-----+--------+
         Total |    725 |    725 |      0 |      0 |    595 |   2 |  362.5 |
       Dungeon |    724 |    724 |      0 |      0 |    595 |   1 |  724.0 |
         Abyss |      1 |      1 |      0 |      0 |      0 |   1 |    1.0 |
               +--------+--------+--------+--------+--------+-----+--------+

Top non-repeatable levels by time:
     D:1: 724 daAuts
 Abyss:1: 1 daAuts
